 Dungeon Crawl Stone Soup version 0.20-a0-1061-gbbf974c (webtiles) character file.

427 Rrauwl the Spear-Bearer (level 6, -1/48 HPs)
             Began as a Merfolk Berserker on Apr 27, 2017.
             Was a Believer of Trog.
             Slain by an ogre
             ... wielding a +0 giant club
              (26 damage)
             ... on level 4 of the Dungeon.
             The game lasted 00:10:31 (2981 turns).

Rrauwl the Spear-Bearer (Merfolk Berserker)         Turns: 2981, Time: 00:10:32

Health: -1/48      AC: 12    Str: 21    XL:     6   Next: 97%
Magic:  15/15      EV: 10    Int:  6    God:    Trog [**....]
Gold:   248        SH:  0    Dex: 14    Spells: 5/5 levels left

rFire    . . .     SeeInvis .   m - -2 trident (curse)
rCold    . . .     Gourm    .   (no shield)
rNeg     . . .     Faith    .   j - +0 chain mail
rPois    .         Spirit   .   (no helmet)
rElec    .         Reflect  .   (no cloak)
rCorr    .         Harm     .   g - +1 pair of gloves
MR       .....     Rnd*Tele +   (no boots)
Stlth    ..........             (no amulet)
Regen    0.2/turn               h - ring of magical power
MPRegen  0.2/turn               o - ring of teleportation (curse)

@: no status effects
A: change form in water, swift swim, stealthy swim, slimy green scales 1, strong
1
a: Berserk, Trog's Hand, Burn Spellbooks, Renounce Religion


You were on level 4 of the Dungeon.
You worshipped Trog.
Trog was pleased with you.
You were not hungry.

You visited 1 branch of the dungeon, and saw 4 of its levels.

You collected 248 gold pieces.

Inventory:

Hand Weapons
 a - a +1 spear
 m - a cursed -2 trident (weapon)
 q - a cursed -1 halberd
Armour
 g - a +1 pair of gloves (worn)
 j - a +0 chain mail (worn)
Jewellery
 h - a ring of magical power (left hand)
 o - a cursed ring of teleportation (right hand)
Wands
 k - a wand of acid (7/15)
 p - a wand of polymorph (9/24)
Scrolls
 l - 3 scrolls of recharging
Potions
 b - a potion of haste
 e - 2 potions of brilliance
Comestibles
 c - 3 bread rations
 d - 3 royal jellies
 f - 2 meat rations
 n - 4 chunks of flesh


   Skills:
 - Level 4.0 Fighting
 + Level 8.1 Polearms
 - Level 2.0 Armour
 - Level 6.0 Dodging


You had 5 spell levels left.
You didn't know any spells.

Dungeon Overview and Level Annotations

Branches:
Dungeon (4/15)
 Temple: D:4-7

Altars:
Kikubaaqudgha


Innate Abilities, Weirdness & Mutations

You revert to your normal form in water.
You are very nimble and swift while swimming.
You are very stealthy in the water. (Stealth+)
You are partially covered in slimy green scales. (AC +2)
Your muscles are strong. (Str +2)


Message History

An ogre comes into view. It is wielding a giant club.
The ogre shouts!
You see here 19 stones.
Attack whom?
Press: ? - help, Dir - move target cursor, f - ogre
Aim: an ogre, wielding a giant club You reach to attack!
You hit the ogre but do no damage. You puncture the ogre!
The ogre is heavily wounded.
The ogre hits you with a giant club!
You hit the ogre.
The ogre is heavily wounded.
The ogre hits you with a giant club!
You completely miss the ogre.
The ogre is heavily wounded.
You hit the ogre.
The ogre is severely wounded.
The ogre hits you with a giant club!!
Ouch! That really hurt!
You die...

######### ##...#...#
##.....<... #.......... ####
#.......... # ..# #..........
###.# #.# ##.....รท... .
#.....##.######........#
>.....#
#.....O@.(......#...####
......# ......###########.###
....... ..... #.......#
......# .### #...)...# ......#
#. ###.......# .........#
###.## #.........#
..........>......###.#.#######
......... .............#
.......# ........#....#


You could see an ogre.

Vanquished Creatures
  The ghost of Narsil the Chopper, an amateur GnFi (D:3)
  A hound (D:4)
  Ijyb (D:4)
  An iguana (D:4)
  A hound skeleton (D:4)
  4 gnolls
  4 adders
  5 oozes
  An adder skeleton (D:4)
  3 worms
  A dart slug (D:1)
  2 leopard geckos
  6 orcs (D:3)
  9 bats
  6 giant cockroaches
  6 goblins
  9 hobgoblins
  8 jackals
  7 kobolds
  2 quokkas (D:3)
  6 frilled lizards
  5 rats
89 creatures vanquished.

Notes
Turn   | Place    | Note
-------+----------+-------------------------------------------
     0 | D:1      | Rrauwl the Merfolk Berserker began the quest for the Orb.
     0 | D:1      | Reached XP level 1. HP: 18/18 MP: 1/1
   294 | D:1      | Reached XP level 2. HP: 20/24 MP: 2/2
   591 | D:1      | Reached XP level 3. HP: 30/30 MP: 3/3
  1168 | D:2      | Reached skill level 5 in Polearms
  1168 | D:2      | Reached XP level 4. HP: 37/37 MP: 4/4
  1207 | D:2      | Found an ancient bone altar of Kikubaaqudgha.
  1226 | D:2      | Reached ** piety under Trog
  1958 | D:3      | Noticed Narsil's ghost (amateur GnFi)
  2184 | D:3      | Reached XP level 5. HP: 29/42 MP: 5/5
  2207 | D:3      | Killed Narsil's ghost
  2207 | D:3      | Reached skill level 6 in Polearms
  2207 | D:3      | Reached skill level 5 in Dodging
  2207 | D:3      | Reached XP level 6. HP: 30/48 MP: 6/6
  2414 | D:3      | Reached skill level 7 in Polearms
  2419 | D:3      | Gained mutation: You are frail. (-10% HP) [potion of mutation]
  2419 | D:3      | Gained mutation: Your flesh is heat resistant. (rF+) [potion of mutation]
  2420 | D:3      | Lost mutation: You are frail. (-10% HP) [potion of mutation]
  2420 | D:3      | Lost mutation: Your flesh is heat resistant. (rF+) [potion of mutation]
  2420 | D:3      | Gained mutation: You are partially covered in slimy green scales. (AC +2) [potion of mutation]
  2420 | D:3      | Gained mutation: Your muscles are strong. (Str +2) [potion of mutation]
  2728 | D:4      | Noticed Ijyb
  2751 | D:4      | Killed Ijyb
  2949 | D:4      | Reached skill level 8 in Polearms
  2981 | D:4      | Slain by an ogre

Vault maps used:
D:1:      lemuel_arrival_rhombus, serial_bayou_pond_c
D:2:      lemuel_round_altar, first_bread, kennysheep_generic_room_15
D:3:      kennysheep_potato
D:4:      uniq_ijyb

Skill      XL: |  1  2  3  4  5  6 |
---------------+-------------------+-----
Dodging        | 3 4 5 6 |  6.0
Polearms       | 5 6 8 |  8.1
Armour         | 2 |  2.0
Fighting       | 4 |  4.0

Action                   |  1- 3 |  4- 6 || total
-------------------------+-------+-------++-------
Melee: Spear             |   143 |     2 ||   145
       Trident           |       |   285 ||   285
Invok: Berserk           |     1 |     1 ||     2
  Use: Scroll            |       |     9 ||     9
       Potion            |       |     6 ||     6
 Stab: Sleeping          |     1 |       ||     1
  Eat: Chunk             |     1 |     8 ||     9
Armor: Animal skin       |     2 |       ||     2
       Chain mail        |    15 |   112 ||   127
Dodge: Dodged            |    42 |   110 ||   152
